 Dungeon Crawl Stone Soup version 0.31-a0-940-gdaa99269f9 (webtiles) character file.

Game seed: 6695987714943023908

344 senseless the Shield-Bearer (level 6, -14/53 HPs)
             Began as a Minotaur Fighter on Oct 20, 2023.
             Demolished by an ogre
             ... wielding a +0 giant spiked club
              (20 damage)
             ... on level 4 of the Dungeon.
             The game lasted 00:06:16 (2504 turns).

senseless the Shield-Bearer (Minotaur Fighter)      Turns: 2504, Time: 00:06:17

Health: -14/53     AC: 19    Str: 22    XL:     6   Next: 31%
Magic:  5/5        EV:  3    Int:  5    God:
Gold:   144        SH: 14    Dex: 10    Spells: 5/5 levels left

rFire   + . .        w - staff of death
rCold   . . .        b - +2 tower shield
rNeg    + . .        y - +0 plate armour
rPois   .            E - +1 hat
rElec   .            u - +0 cloak
rCorr   .            x - +0 pair of gloves
SInv    .            (no boots)
Will    .....        (no amulet) Stlth
                     j - +4 ring of protection
HPRegen 0.28/turn    r - ring of protection from fire
MPRegen 0.09/turn

%: no passive effects
@: no status effects
A: horns 2, retaliatory headbutt
a: no special abilities


You were on level 4 of the Dungeon.
You visited 1 branch of the dungeon, and saw 4 of its levels.

You collected 144 gold pieces.

Inventory:

Hand Weapons
 B - a +3 quarterstaff of chaos
 D - a +2 whip of electrocution
Missiles
 v - 6 javelins (quivered)
Armour
 b - a +2 tower shield (worn)
 u - a +0 cloak (worn)
 x - a +0 pair of gloves (worn)
 y - a +0 plate armour (worn)
 z - a +2 robe of willpower
 E - a +1 hat (worn)
Magical Staves
 w - a staff of death (weapon)
Jewellery
 c - a ring of positive energy
 j - a +4 ring of protection (left hand)
 r - a ring of protection from fire (right hand)
Wands
 a - a wand of mindburst (21)
Scrolls
 e - a scroll of fear {unknown}
 g - a scroll of teleportation {unknown}
 k - a scroll of revelation {unknown}
 m - 2 scrolls of enchant armour {unknown}
 n - 2 scrolls of blinking {unknown}
 o - a scroll of immolation {unknown}
Potions
 d - 2 potions of might
 f - a potion of haste {unknown}
 h - a potion of curing {unknown}
 i - 2 potions of heal wounds {unknown}
 l - a potion of magic {unknown}
 p - 2 potions of degeneration {unknown}
 q - a potion of resistance {unknown}
 s - a potion of lignification {unknown}
 t - a potion of enlightenment {unknown}
 C - a potion of berserk rage {unknown}


   Skills:
 + Level 4.6 Fighting
 - Level 2.4(3.5) Maces & Flails
 * Level 4.0(4.3) Staves
 + Level 4.6 Armour
 + Level 4.6 Shields
 * Level 1.4 Necromancy
 * Level 1.9 Evocations


You had 5 spell levels left.
You didn't know any spells.
Your spell library contained the following spells:

 Spells                   Type           Power      Damage    Failure   Level
 Slow                     Hex            0%         N/A       100%        1
 Confusing Touch          Hex            0%         N/A       100%        3
 Sigil of Binding         Hex            0%         N/A       100%        3
 Vampiric Draining        Necr           2%         2d6       100%        3


Dungeon Overview and Level Annotations

Branches:
Dungeon (4/15)
 Temple: D:4-7

Altars:
Ashenzari

Shops:
D:2 (


Innate Abilities, Weirdness & Mutations

You have a pair of horns on your head.
You reflexively headbutt those who attack you in melee.


Message History

You barely miss the kobold. You headbutt the kobold.
You kill the kobold!
No target in view!
Found a runed hat.
You see here a +2 whip of electrocution.
D - a +2 whip of electrocution You see here a +1 hat.
You start removing your armour.
You continue taking off your +0 hat. x4
You finish taking off your +0 hat.
You start putting on your armour.
You continue putting on your +1 hat. x5
You finish putting on your +1 hat.
You drop a +0 hat.
HP restored.
Found 5 poisoned darts.
An ogre comes into view. It is wielding a +0 giant spiked club.
The ogre shouts!
Found a scroll labelled NAJA YMASA.
Found a spear.
The ogre hits you with a +0 giant spiked club!
You hit the ogre.
The ogre is lightly wounded.
The ogre barely misses you.
You hit the ogre but do no damage.
The ogre is lightly wounded.
The ogre hits you with a +0 giant spiked club!
You are too injured to fight recklessly!
You are too injured to fight recklessly!
You hit the ogre.
The ogre is lightly wounded.
You barely miss the ogre.
The ogre is lightly wounded.
You block the ogre's attack.
You hit the ogre.
The ogre is moderately wounded.
The ogre hits you with a +0 giant spiked club!
* * * LOW HITPOINT WARNING * * *
You hit the ogre.
The ogre is heavily wounded.
The ogre hits you with a +0 giant spiked club!!
You die...

#.#.....#
#..#..#.#####
#...#.#.....#
#####.....#.#
#...#.#...#.#
#..#...#..#.#
#.#.....#.#.#
##.......##.#
#...@.#####.#
##..O....##.#
#(#.....#.#.#
#..#...#.?#.#
#...#.#...#.#########
#### .....#....>....#
.#...#.........# .)
..#.........#
#.........#


You could see an ogre.

Vanquished Creatures
  Sigmund (D:3)
  A hound (D:2)
  Crazy Yiuf (D:3)
  Terence (D:3)
  An orc wizard (D:2)
  2 dart slugs
  5 orcs
  3 ball pythons
  4 bats
  9 endoplasms
  A giant cockroach (D:2)
  4 goblins
  5 hobgoblins
  2 jackals (D:3)
  4 quokkas
  4 frilled lizards
  3 kobolds
  11 rats
62 creatures vanquished.

Notes
Turn   | Place    | Note
-------+----------+-------------------------------------------
     0 | D:1      | senseless the Minotaur Fighter began the quest for the Orb.
     0 | D:1      | Reached XP level 1. HP: 19/19 MP: 0/0
    93 | D:1      | Reached skill level 1 in Staves
   290 | D:1      | Reached XP level 2. HP: 27/27 MP: 1/1
  1043 | D:2      | Reached XP level 3. HP: 33/33 MP: 2/2
  1069 | D:2      | Found Gykhidizxo's Antique Weapon Emporium.
  1236 | D:2      | Reached XP level 4. HP: 40/40 MP: 3/3
  1435 | D:2      | Found a faded altar of an unknown god.
  1813 | D:3      | Noticed Sigmund
  1830 | D:3      | Killed Sigmund
  1831 | D:3      | Reached skill level 1 in Necromancy
  1831 | D:3      | Reached skill level 1 in Evocations
  1831 | D:3      | Reached XP level 5. HP: 37/47 MP: 4/4
  1831 | D:3      | Reached XP level 6. HP: 42/53 MP: 5/5
  2090 | D:3      | Found a runed translucent door.
  2091 | D:3      | Noticed Crazy Yiuf
  2099 | D:3      | Killed Crazy Yiuf
  2234 | D:3      | Found a broken altar of Ashenzari.
  2368 | D:3      | Noticed Terence
  2381 | D:3      | Killed Terence
  2504 | D:4      | Demolished by an ogre

Illustrated notes

Levels and vault maps discovered:
D:1:      lemuel_arrival_hallway, layout_basic, dk_noncrumbling_3,
          minmay_bisected
D:2:      layout_rooms, nicolae_ecumenical_lake_church, serial_shops,
          nicolae_shop_tiny_real_fake_doors, amcnicky_mini_rare_corridor_liquid
D:3:      layout_basic, cheibrodos_ashenzari_chains, fountainhead,
          uniq_crazy_yiuf_cottage, uniq_terence, uniq_sigmund
D:4:      layout_rooms, grunt_temple_overflow_cloverleaf,
          hangedman_abyss_or_decor_lesser_grid, hangedman_decor_diamond_cutter,
          kennysheep_flooded_box, uniq_blork_the_orc

Skill      XL: |  1  2  3  4  5  6 |
---------------+-------------------+-----
Staves         | 1 2 3 4 |  4.0
Shields        | 4 |  4.6
Fighting       | 4 |  4.6
Armour         | 4 |  4.6
Necromancy     | 1 |  1.4
Evocations     | 1 |  1.9
Maces & Flails | |  2.4

Action                     |  1- 3 |  4- 6 || total
---------------------------+-------+-------++-------
  Melee: Flail             |    67 |    11 ||    78
         Headbutt          |     6 |    18 ||    24
         Staff             |       |   108 ||   108
 Armour: Scale mail        |    34 |    35 ||    69
         Plate armour      |       |    64 ||    64
  Dodge: Dodged            |    39 |    20 ||    59
  Block: Buckler           |    14 |     8 ||    22
         Tower shield      |       |    56 ||    56

Table legend: (Time is in decaauts)
 A = Elapsed time spent in this place.
 B = Non-inter-level travel time spent in this place.
 C = Inter-level travel time spent in this place.
 D = Time resting spent in this place.
 E = Time spent auto-exploring this place.
 F = Levels seen in this place.
 G = Mean time per level.
                   A        B        C        D        E       F      G
               +--------+--------+--------+--------+--------+-----+--------+
         Total |   2553 |   2444 |    109 |     22 |   1888 |   4 |  638.2 |
       Dungeon |   2553 |   2444 |    109 |     22 |   1888 |   4 |  638.2 |
               +--------+--------+--------+--------+--------+-----+--------+

Top non-repeatable levels by time:
     D:1: 988 daAuts
     D:3: 846 daAuts
     D:2: 630 daAuts
     D:4: 87 daAuts
